Map: Ulrena

Players

Elazer

  • Race: Zerg Zerg
  • League: Grandmaster

Solar - Winner!

  • Race: Zerg Zerg
  • League: Gold

Event: DreamHack ROCCAT LotV Championship

VOD

Have the link to the VOD?

Description

Time

  • Played on: Nov. 26, 2015, 7:28 a.m.
  • Length: 8:50

All games in this series

Show
View Real Time Build Order
Export as new Build Order

Elazer Zerg 

Build Orders: Pool First 

Get SALT Encoding   

  12  0:00  Drone  
  13  0:13  Overlord  
  13  0:18  Drone  
  14  0:31  Drone x2  
  14  0:35  Drone  
  17  0:37  Extractor  
  16  0:48  Spawning Pool  
  15  0:51  Drone  
  15  0:56  Drone  
  17  1:07  Drone  
  18  1:18  Overlord  
  18  1:34  Queen  
  18  1:35  Zergling x2  
  18  1:39  Metabolic Boost  
  21  1:41  Zergling x2  
  22  1:51  Zergling x2  
  23  2:01  Zergling x2  
  23  2:03  Hatchery  
  23  2:10  Baneling Nest  
  22  2:18  Queen  
  22  2:22  Zergling x2  
  25  2:28  Zergling x2  
  26  2:37  Drone  
  27  2:45  Overlord  
  27  2:47  Drone  
  27  2:48  Drone  
  27  2:49  Zergling x2  
  30  2:54  Baneling x2  
  30  3:09  Drone x2  
  32  3:15  Drone  
  32  3:24  Overlord  
  32  3:30  Drone  
  32  3:31  Drone x2  
  34  3:35  Drone  
  34  3:38  Drone x2  
  37  3:42  Roach Warren  
  36  3:48  Extractor  
  36  3:51  Drone x3  
  36  3:55  Overlord  
  38  4:05  Zergling x8  
  39  4:16  Overlord  
  38  4:23  Roach x4  
  46  4:25  Baneling x2  
  46  4:33  Roach x2  
  46  4:36  Drone  
  51  4:39  Drone  
  51  4:40  Drone  
  51  4:45  Ravager x2  
  55  4:50  Drone x3  
  55  4:51  Drone  
  58  5:04  Roach x2  
  58  5:05  Roach  
  64  5:08  Overlord  
  64  5:12  Roach x2  
  68  5:19  Overlord  
  68  5:20  Overlord  
  68  5:25  Overlord  
  67  5:41  Drone x3  
  70  5:49  Hatchery, Roach x4  
  77  5:51  Ravager x2  
  78  5:58  Overlord  
  78  6:01  Drone x2  
  79  6:07  Overlord  
  79  6:17  Roach  
  79  6:18  Roach x4  
  89  6:22  Overlord  
  89  6:28  Drone  
  89  6:29  Evolution Chamber, Drone  
  89  6:30  Extractor  
  89  6:33  Drone x3  
  92  6:42  Overlord  
  92  6:43  Lair  
  92  6:49  Roach x2  
  95  6:55  Roach  
  95  6:56  Roach  
  95  7:02  Roach x3  
  88  7:10  Roach  
  88  7:15  Roach x2  
  91  7:27  Roach  
  91  7:28  Roach x2  
  80  7:36  Queen  
  72  7:37  Queen  
  72  7:41  Roach  
  71  7:48  Drone x5  
  71  7:49  Drone  
  74  7:59  Overlord  
  74  8:01  Roach x2  
  74  8:18  Overlord  
  76  8:23  Drone x2, Extractor  
  76  8:24  Drone x2  
  76  8:25  Drone  
  80  8:29  Roach  
Show
View Real Time Build Order
Export as new Build Order

Solar Zerg - Winner!

Build Orders: Pool First 

Get SALT Encoding   

  12  0:01  Drone  
  13  0:12  Overlord  
  13  0:18  Drone  
  14  0:31  Drone x2  
  14  0:35  Drone  
  17  0:45  Spawning Pool  
  17  0:48  Drone  
  17  1:09  Hatchery  
  16  1:12  Drone  
  16  1:15  Extractor  
  16  1:17  Drone  
  17  1:32  Queen  
  19  1:34  Drone  
  19  1:36  Drone  
  21  1:43  Zergling x2  
  22  1:49  Overlord  
  22  1:57  Baneling Nest  
  22  2:00  Drone  
  22  2:07  Queen  
  24  2:11  Zergling x2  
  25  2:21  Drone  
  25  2:22  Zergling x2  
  27  2:27  Queen  
  29  2:36  Metabolic Boost  
  29  2:38  Drone  
  29  2:39  Zergling x2  
  29  2:42  Zergling x2  
  32  2:44  Baneling  
  32  2:47  Zergling x2  
  32  2:50  Zergling x2  
  34  2:52  Baneling  
  34  2:59  Zergling x4  
  34  3:03  Baneling  
  34  3:05  Overlord  
  36  3:11  Overlord  
  36  3:15  Baneling  
  36  3:25  Drone x3  
  39  3:27  Drone  
  39  3:29  Drone  
  39  3:32  Drone  
  42  3:35  Drone  
  42  3:38  Drone  
  44  3:48  Roach Warren  
  43  3:49  Drone  
  43  3:53  Drone  
  44  3:57  Extractor  
  44  3:58  Drone  
  44  4:00  Drone  
  45  4:08  Overlord x2  
  44  4:11  Drone x2  
  44  4:15  Overlord  
  45  4:20  Overlord  
  45  4:25  Drone  
  45  4:28  Roach  
  45  4:29  Roach x2  
  52  4:33  Roach  
  52  4:38  Drone, Roach  
  55  4:40  Roach  
  55  4:43  Roach  
  55  4:45  Roach  
  62  4:56  Roach x3  
  62  4:59  Overlord  
  68  5:00  Drone  
  69  5:10  Drone x2  
  69  5:11  Extractor  
  70  5:16  Drone  
  70  5:17  Drone  
  70  5:19  Drone x2  
  74  5:23  Zergling x8  
  78  5:30  Overlord  
  78  5:31  Overlord  
  78  5:33  Ravager  
  78  5:34  Evolution Chamber  
  78  5:41  Ravager x3  
  78  5:42  Overlord  
  80  5:49  Overlord  
  80  5:51  Roach x4  
  80  5:53  Roach  
  80  5:56  Roach  
  90  5:57  Roach  
  90  6:01  Roach  
  93  6:07  Overlord  
  93  6:08  Roach  
  94  6:19  Roach x2  
  98  6:26  Zergling x12  
  98  6:30  Ravager x2  
  98  6:31  Zergling x4  
  108  6:40  Overlord  
  108  6:42  Overlord, Ravager  
  109  6:49  Ravager  
  109  6:51  Zergling x2  
  106  6:56  Hatchery  
  106  6:59  Roach x4  
  110  7:04  Roach  
  116  7:08  Roach x2  
  116  7:12  Roach  
  113  7:17  Roach  
  106  7:29  Roach x4  
  93  7:38  Roach  
  93  7:41  Roach  
  87  7:47  Zergling x12  
  88  7:53  Zergling x2  
  88  7:54  Zergling x2  
  88  7:56  Ravager x2  
  85  8:10  Ravager  
  85  8:11  Zergling x4  
  88  8:14  Hatchery  
  88  8:16  Zergling x2  
  88  8:17  Zergling x14  
  88  8:19  Ravager  
  96  8:24  Ravager  
  96  8:26  Zergling x2  
  98  8:33  Zergling x2  
  99  8:35  Ravager  

Tags
 
Add a new tag
Caveats
  • Supply blocks, unpowered buildings, or Contaminate may cause inaccurate times.
  • Supply counts are checked every 10 seconds.